AoeStats
← Lord_Wilfredo

Arena

507196899Analyzed
1v1 RM · 15d ago on Sep 17, 2026· 20m 23s· 2 players
Game mode
Random Map
Map size
Tiny (2 player)
Population
200
Speed
Normal
Resources
Standard
Victory
Conquest
Starting age
Dark Age
Ending age
Imperial Age
RankedLock teamsTeams togetherTeam positionsShared explorationLock speedFull tech treeHidden civsTurbo modeCheats
Victory
Defeat
🇦🇷 Khmer · Argentina
1251
+16
🇹🇼 Celts · Taiwan
1247
-16
Sung Ming-Yen
11:11 Feudal Age
9:29 Loom
14:55 Castle Age
15:13 Double-Bit Axe
16:32 Horse Collar
Lord_Wilfredo
10:31 Feudal Age
14:09 Castle Age
13:11 Double-Bit Axe
13:09 Horse Collar
15:43 Bow Saw
16:33 Loom
17:47 Town Watch
Connection lost

Rejoining the realm…

Still unreachable

The connection could not be restored.

Session expired

The server has moved on; the page needs a fresh start.